 Dungeon Crawl Stone Soup version 0.24.0-35-gdb84b6a5db (webtiles) character file.

Game seed: 4062780460234049289, levelgen mode: deterministic

46447 Esekla the Thaumaturge (level 14, -14/98 HPs)
             Began as a Demonspawn Wanderer on Nov 17, 2019.
             Was a High Priest of Qazlal.
             Killed from afar by a necromancer (35 damage)
             ... with a bolt of cold
             ... on level 14 of the Dungeon.
             The game lasted 04:45:37 (21261 turns).

Esekla the Thaumaturge (Demonspawn Wanderer)       Turns: 21261, Time: 04:45:37

Health: -14/98     AC: 28    Str: 12    XL:     14   Next: 4%
Magic:  23/28      EV: 14    Int: 20    God:    Qazlal [*****.]
Gold:   851        SH:  7    Dex: 12    Spells: 16/33 levels left

rFire    . . .     SeeInvis +   f - +6 scimitar (flame)
rCold    . . .     Gourm    .   (no shield)
rNeg     . . .     Faith    .   N - +4 troll leather armour
rPois    +         Spirit   .   Z - +2 hat {SInv}
rElec    .         Reflect  .   o - +0 cloak
rCorr    .         Harm     .   g - +0 pair of gloves
MR       ++...                  (boots unavailable)
Stlth    +.........             D - amulet of magic regeneration
HPRegen  1.66/turn              h - ring of protection from magic
MPRegen  0.46/turn              E - ring of poison resistance

@: icy armour, protected from physical damage, repel missiles
A: talons 3, iridescent scales 2, powered by death 1, powered by pain 2
a: Upheaval, Elemental Force, Disaster Area, Renounce Religion


You were on level 14 of the Dungeon.
You worshipped Qazlal.
Qazlal was extremely pleased with you.
You were not hungry.

You visited 2 branches of the dungeon, and saw 19 of its levels.

You collected 1172 gold pieces.
You spent 321 gold pieces at shops.

Inventory:

Hand Weapons
 e - a +2 falchion of electrocution
 f - a +6 scimitar of flaming (weapon)
 l - a +6 scimitar
 t - a +2 trident of venom
 v - a +5 rapier of venom
Missiles
 m - 10 javelins
 r - 73 poisoned darts (quivered)
 u - 15 boomerangs
 B - 3 silver javelins
 S - 7 curare-tipped darts
Armour
 g - a +0 pair of gloves (worn)
 o - a +0 cloak (worn)
 N - a +4 troll leather armour (worn)
 O - a +2 robe of fire resistance
 Z - a +2 hat of see invisible (worn)
Jewellery
 h - a ring of protection from magic (left hand)
 D - an amulet of magic regeneration (around neck)
 E - a ring of poison resistance (right hand)
 P - an uncursed ring of fire
 R - an uncursed ring of positive energy
 Y - an uncursed ring of protection from fire
Wands
 d - a wand of flame (51)
 s - a wand of iceblast (7)
 x - a wand of paralysis (23)
 J - a wand of random effects (14)
 L - a wand of polymorph (4)
 V - a wand of digging (3)
 W - a wand of acid (9)
Scrolls
 i - a scroll of identify
 j - 3 scrolls of amnesia
 q - 4 scrolls of remove curse
 y - 5 scrolls of teleportation
 A - 2 scrolls of immolation
 M - 3 scrolls of fog
 Q - 3 scrolls of blinking
Potions
 a - 3 potions of might
 b - a potion of ambrosia
 c - 3 potions of magic
 k - 4 potions of heal wounds
 n - 4 potions of agility
 p - 3 potions of haste
 w - a potion of mutation
 z - a potion of invisibility
 C - a potion of brilliance
 H - 6 potions of lignification
 X - 7 potions of curing
Miscellaneous
 I - a lightning rod (4/4)
Comestibles
 T - 56 rations


   Skills:
 + Level 5.4 Fighting
 + Level 7.3(8.8) Short Blades
 * Level 7.4(8.8) Long Blades
 + Level 3.3 Polearms
 + Level 5.2 Armour
 + Level 4.9 Dodging
   Level 1.0 Shields
 * Level 10.3 Spellcasting
 + Level 4.4 Conjurations
   Level 1.0 Hexes
 + Level 5.1 Charms
   Level 1.0 Summonings
 + Level 3.7 Translocations
 + Level 5.8 Fire Magic
 * Level 6.9 Ice Magic
 + Level 5.3 Air Magic
 * Level 5.7 Earth Magic
 + Level 6.0 Poison Magic
 + Level 1.0 Evocations


You had 16 spell levels left.
You knew the following spells:

 Your Spells              Type           Power        Failure   Level  Hunger
a - Ozocubu's Armour      Chrm/Ice       ####....     2%          3    None
b - Blink                 Tloc           N/A          2%          2    None
c - Mephitic Cloud        Conj/Pois/Air  ####....     3%          3    None
d - Magic Dart            Conj           ####         1%          1    None
e - Lee's Rapid Deconstr  Erth           ####......   22%         5    ####...
f - Conjure Flame         Conj/Fire      ####....     3%          3    None

Your spell library contained the following spells:

 Spells                   Type           Power        Failure   Level  Hunger
 Freeze                   Ice            ####         1%          1    None
 Sandblast                Erth           ####..       1%          1    None
 Stone Arrow              Conj/Erth      ####..       3%          3    None
 Passwall                 Tmut/Erth      ###.....     4%          2    None
 Confusing Touch          Hex            ##....       5%          1    None
 Gell's Gravitas          Tloc           ####......   5%          3    None
 Call Imp                 Summ           ##......     9%          2    None
 Slow                     Hex            ##......     9%          2    None
 Confuse                  Hex            ##......     17%         3    None
 Petrify                  Tmut/Erth      ###.....     26%         4    ##.....
 Metabolic Englaciation   Hex/Ice        ####......   43%         5    ####...
 Yara's Violent Unravell  Hex/Tmut       ##........   88%         5    ####...


Dungeon Overview and Level Annotations

Branches:
Dungeon (14/15)            Temple (0/1) D:4            Lair (5/6) D:11
 Shoals (0/4) Lair:4        Snake (0/4) Lair:2          Orc (0/2) D:9
  Slime: Lair:5-6    Vaults: D:13-14

Altars:
Ashenzari
Cheibriados
Dithmenos
Elyvilon
Gozag
Nemelex Xobeh
Okawaru
Qazlal
Ru
Sif Muna
Uskayaw
Xom
Beogh

Shops:
D:5 (   D:11 *

Annotations:
Lair:2 exclusion: oklob plant
Lair:4 exclusion: oklob plant


Innate Abilities, Weirdness & Mutations

You have claws for feet.
You are mostly covered in iridescent scales. (AC +4)
You regenerate a little health from kills.
You sometimes gain power by taking damage.


Message History

The human hits you.
* * * LOW HITPOINT WARNING * * *
You block the human's attack.
The necromancer is engulfed in noxious fumes.
The necromancer casts a spell.
The necromancer binds the souls of nearby monsters.
The human is engulfed in noxious fumes.
The human closely misses you.
The human is engulfed in noxious fumes.
The human appears confused.
The human barely misses you.
You riposte.
You barely miss the human.
The human is moderately wounded.
You slash the human! You burn the human. You claw the human.
You kill the human!
Qazlal accepts your kill. The human misses you. The human hits you!
* * * LOW HITPOINT WARNING * * *
You feel more protected from physical attacks.
The necromancer is engulfed in noxious fumes.
The necromancer gestures at you while chanting.
The bolt of cold hits you!!
You die...

.........#
#............#
#............#
#........./.†#
#..p......((†#
##.........†††#########
.....○☼p§......#<.....#
......○☼.p.....#).....#
......○@p...!..#......#
.....○..p○.....'......#
.....§..§..$...##.....#
#.........##+####'#####
#.........#......)....#
#.........#...........#
+.........#...........#
#.........#...#########
.########...


You could see a necromancer and 4 humans.

Vanquished Creatures
  Gastronok (Lair:2)
  Louise (D:14)
  Nessos (Lair:4)
  4 hydras
  2 catoblepae
  Erica (Lair:2)
  2 centaur warriors (D:13)
  A tengu warrior (D:14)
  4 two-headed ogres
  Urug (Lair:3)
  Sonja (Lair:2)
  Nergalle (Lair:2)
  A slime creature (D:12)
  2 unseen horrors
  2 cyclopes (D:13)
  5 elephants (Lair:4)
  Joseph (D:7)
  3 gargoyles
  14 spiny frogs
  5 rime drakes
  2 kobold demonologists (D:11)
  3 komodo dragons
  6 trolls
  2 hornets
  11 hippogriffs
  A snapping turtle (Lair:4)
  A vampire (D:14)
  31 yaks
  3 wraiths
  A wyvern (Lair:5)
  A basilisk (D:13)
  A steam dragon (D:9)
  12 humans (D:14)
  2 hungry ghosts (D:12)
  2 nagas (Lair:2)
  5 water moccasins
  An acid dragon (D:13)
  2 soldier ants
  3 porcupines
  8 orc warriors
  4 ice beasts
  3 sky beasts
  3 black bears
  7 ogres
  3 phantoms
  11 centaurs
  5 boggarts (D:14)
  11 crocodiles
  A necrophage (D:14)
  3 big kobolds (D:11)
  11 bullfrogs
  A gnoll sergeant (D:10)
  A water moccasin zombie (D:7)
  A wyvern skeleton (D:7)
  4 scorpions
  13 wights
  6 howler monkeys
  2 centaur zombies
  Crazy Yiuf (D:4)
  A bullfrog zombie (D:9)
  6 crimson imps
  6 orc priests
  A hound (D:6)
  A bullfrog skeleton (D:8)
  4 centaur skeletons
  A jelly (D:9)
  6 orc wizards
  10 iguanas
  5 hell rats (Lair:4)
  7 worker ants
  A hound zombie (D:6)
  A hound skeleton (D:11)
  A howler monkey skeleton (D:9)
  3 adders
  16 gnolls
  6 shadow imps
  2 oozes (D:2)
  3 worms
  A dart slug (D:1)
  7 leopard geckos
  62 orcs
  2 ball pythons
  5 bats
  5 giant cockroaches
  11 goblins
  7 hobgoblins (D:1)
  9 jackals
  6 quokkas
  7 frilled lizards
  8 kobolds
  A leopard gecko skeleton (D:4)
  7 rats
  A butterfly (Lair:3)
462 creatures vanquished.

Vanquished Creatures (collateral kills)
  A worker ant (D:11)
1 creature vanquished.

Vanquished Creatures (others)
  4 fungi
  14 plants
18 creatures vanquished.

Grand Total: 481 creatures vanquished

Notes
Turn   | Place    | Note
-------+----------+-------------------------------------------
     0 | D:1      | Esekla the Demonspawn Wanderer began the quest for the Orb.
     0 | D:1      | Esekla set off with the following items: a +0 club, a
                  | scroll of teleportation, a +0 robe, a ration; and the
                  | following spells available to memorise: Freeze, Magic Dart,
                  | Call Imp, Slow, Blink, Mephitic Cloud, Conjure Flame,
                  | Ozocubu's Armour
     0 | D:1      | Reached XP level 1. HP: 13/13 MP: 6/6
     2 | D:1      | Learned a level 1 spell: Magic Dart
   295 | D:1      | Gained mutation: You are partially covered in iridescent
                  | scales. (AC +2) [demonic ancestry]
   295 | D:1      | Reached XP level 2. HP: 8/19 MP: 0/8
   581 | D:1      | Learned a level 2 spell: Blink
  1181 | D:1      | Gained mutation: You are mostly covered in iridescent
                  | scales. (AC +4) [demonic ancestry]
  1181 | D:1      | Reached XP level 3. HP: 24/24 MP: 3/9
  1332 | D:1      | Reached skill level 1 in Conjurations
  1400 | D:1      | Learned a level 3 spell: Mephitic Cloud
  1404 | D:1      | Learned a level 3 spell: Ozocubu's Armour
  1408 | D:1      | Learned a level 3 spell: Conjure Flame
  2065 | D:2      | Gained mutation: You have sharp toenails. [demonic
                  | ancestry]
  2065 | D:2      | Reached XP level 4. HP: 30/30 MP: 5/11
  2280 | D:2      | Reached skill level 1 in Dodging
  2398 | D:2      | Reached skill level 1 in Ice Magic
  2428 | D:1      | Reached skill level 1 in Poison Magic
  3166 | D:2      | Reached XP level 5. HP: 35/35 MP: 11/13
  3277 | D:2      | Reached skill level 1 in Translocations
  3661 | D:3      | Reached skill level 1 in Charms
  4095 | D:4      | Found a staircase to the Ecumenical Temple.
  4448 | D:4      | Reached XP level 6. HP: 33/41 MP: 11/14
  4472 | D:4      | Reached skill level 1 in Short Blades
  4868 | D:4      | Found a shadowy altar of Dithmenos.
  4947 | D:4      | Found a runed translucent door.
  4948 | D:4      | Noticed Crazy Yiuf
  4970 | D:4      | Found a sacrificial altar of Ru.
  5370 | D:4      | Found a shattered altar of Ashenzari.
  5372 | D:4      | Found an opulent altar of Gozag.
  5372 | D:4      | Found an iron altar of Okawaru.
  5375 | D:4      | Found a shimmering altar of Xom.
  5375 | D:4      | Found a glowing silver altar of Zin.
  5375 | D:4      | Found a sparkling altar of Nemelex Xobeh.
  5469 | D:5      | Entered Level 5 of the Dungeon
  5469 | D:5      | Noticed an ice beast
  5514 | D:5      | Found Cisec's Weapon Shop.
  5586 | D:5      | Killed an ice beast
  5785 | D:5      | Noticed a hippogriff
  6032 | D:4      | Killed Crazy Yiuf
  6505 | D:5      | Reached skill level 6 in Spellcasting
  6505 | D:5      | Reached XP level 7. HP: 18/47 MP: 6/16
  7055 | D:6      | Found a stormy altar of Qazlal.
  7708 | D:5      | Gained mutation: You have razor-sharp toenails. [demonic
                  | ancestry]
  7708 | D:5      | Reached XP level 8. HP: 43/53 MP: 3/17
  7767 | D:5      | Reached skill level 1 in Fighting
  7869 | D:5      | Killed a hippogriff
  8041 | D:5      | Reached skill level 1 in Fire Magic
  8513 | D:5      | Found an iron altar of Okawaru.
  8613 | D:5      | Bought a +4 rapier of venom for 321 gold pieces
  8680 | D:6      | Found a shimmering altar of Xom.
  8832 | D:6      | Found a hide-covered altar of Uskayaw.
  8872 | D:6      | Reached skill level 7 in Spellcasting
  9084 | D:6      | Became a worshipper of Qazlal Stormbringer
  9127 | D:7      | Noticed Joseph
  9151 | D:7      | Killed Joseph
  9151 | D:7      | Reached skill level 1 in Polearms
  9151 | D:7      | Gained mutation: You sometimes gain a little power by
                  | taking damage. [demonic ancestry]
  9151 | D:7      | Reached XP level 9. HP: 59/59 MP: 9/19
  9304 | D:7      | Found a shattered altar of Ashenzari.
  9911 | D:8      | Found an opulent altar of Gozag.
  9913 | D:8      | Found a sparkling altar of Nemelex Xobeh.
  9920 | D:8      | Found a white marble altar of Elyvilon.
  9923 | D:8      | Found a shimmering blue altar of Sif Muna.
 10415 | D:8      | Reached * piety under Qazlal
 10474 | D:8      | Noticed a two-headed ogre
 10487 | D:8      | Killed a two-headed ogre
 10666 | D:9      | Noticed a troll
 10677 | D:9      | Killed a troll
 10677 | D:9      | Reached XP level 10. HP: 45/68 MP: 14/21
 10835 | D:9      | Found a snail-covered altar of Cheibriados.
 10870 | D:9      | Noticed a two-headed ogre
 10900 | D:9      | Killed a two-headed ogre
 10900 | D:9      | Reached skill level 5 in Poison Magic
 11356 | D:9      | Reached skill level 8 in Spellcasting
 11389 | D:9      | Reached ** piety under Qazlal
 11461 | D:9      | Reached skill level 5 in Short Blades
 11511 | D:9      | Found a roughly hewn altar of Beogh.
 11511 | D:9      | Found a staircase to the Orcish Mines.
 11920 | D:10     | Entered Level 10 of the Dungeon
 12154 | D:11     | Noticed a two-headed ogre
 12174 | D:11     | Killed a two-headed ogre
 12174 | D:11     | Reached skill level 5 in Ice Magic
 12174 | D:11     | Reached XP level 11. HP: 53/74 MP: 20/23
 12327 | D:10     | Reached *** piety under Qazlal
 12472 | D:10     | Reached skill level 1 in Armour
 12538 | D:10     | Killed an unseen horror
 12538 | D:10     | Reached skill level 5 in Fire Magic
 12717 | D:11     | Found Lytoneuq's Assorted Antiques.
 13068 | D:11     | Reached skill level 5 in Air Magic
 13128 | D:11     | Noticed a four-headed hydra
 13140 | D:11     | Killed a four-headed hydra
 13275 | D:11     | Reached **** piety under Qazlal
 13418 | D:11     | Found a staircase to the Lair.
 13827 | Lair:1   | Entered Level 1 of the Lair of Beasts
 14264 | Lair:1   | Reached skill level 9 in Spellcasting
 14770 | Lair:2   | Reached skill level 1 in Long Blades
 14817 | Lair:2   | Noticed Gastronok
 14861 | Lair:2   | Noticed Sonja
 14862 | Lair:2   | Noticed an oklob plant
 14919 | Lair:2   | Killed Sonja
 15095 | Lair:2   | Noticed Erica
 15102 | Lair:2   | Noticed Nergalle
 15109 | Lair:2   | Killed Erica
 15130 | Lair:1   | Gained mutation: You have claws for feet. [demonic
                  | ancestry]
 15130 | Lair:1   | Reached XP level 12. HP: 56/82 MP: 18/25
 15186 | Lair:2   | Killed Nergalle
 15318 | Lair:2   | Found a staircase to the Snake Pit.
 15348 | Lair:2   | Learned a level 5 spell: Lee's Rapid Deconstruction
 15502 | Lair:3   | Noticed Urug
 15713 | Lair:3   | Reached skill level 1 in Earth Magic
 15730 | Lair:3   | Killed Urug
 15974 | Lair:3   | Noticed a six-headed hydra
 15984 | Lair:3   | Killed a three-headed hydra
 16254 | Lair:2   | Killed Gastronok
 16254 | Lair:2   | Reached skill level 5 in Charms
 16455 | Lair:4   | Reached skill level 5 in Long Blades
 16544 | Lair:4   | Reached ***** piety under Qazlal
 16620 | Lair:4   | Noticed a six-headed hydra
 16626 | Lair:4   | Killed a four-headed hydra
 16700 | Lair:4   | Noticed a seven-headed hydra
 16710 | Lair:4   | Killed a five-headed hydra
 16710 | Lair:4   | Gained mutation: You sometimes gain power by taking damage.
                  | [demonic ancestry]
 16710 | Lair:4   | Reached XP level 13. HP: 73/88 MP: 21/26
 16849 | Lair:4   | Noticed Nessos
 16867 | Lair:4   | Killed Nessos
 17072 | Lair:4   | Reached skill level 5 in Armour
 17321 | Lair:4   | Found a staircase to the Shoals.
 18775 | D:12     | Reached skill level 5 in Fighting
 19121 | D:12     | Reached skill level 10 in Spellcasting
 19648 | D:13     | Reached skill level 5 in Earth Magic
 21093 | D:14     | Noticed Louise
 21131 | D:14     | Killed Louise
 21233 | D:14     | Gained mutation: You regenerate a little health from kills.
                  | [demonic ancestry]
 21233 | D:14     | Reached XP level 14. HP: 70/98 MP: 18/28
 21261 | D:14     | Killed from afar by a necromancer

Levels and vault maps discovered:
D:1:      dpeg_arrival_pond, layout_basic, serial_park_tiny_pond
D:2:      layout_loops_ring, serial_bayou_crossing
D:3:      layout_basic
D:4:      layout_loops_ring, doesnt_xom_only_xom, nicolae_ru_path_of_blood,
          minmay_temple_entry_junction, first_ration, minmay_misc_feat_encased,
          nicolae_dithmenos_the_darkroom, uniq_crazy_yiuf_cottage
D:5:      layout_basic, marbit_many_paths, serial_shops, shop_statue
D:6:      layout_cave_pools, nicolae_overflow_hidden_temple, basic_altar,
          nicolae_qazlal_eye_of_the_storm
D:7:      layout_cave_pools, lemuel_round_altar, patterned_corridor, uniq_joseph
D:8:      layout_basic, minitemple
D:9:      layout_irregular_city, cheibrodos_worm_habitat, david_orc_5
D:10:     layout_rooms
D:11:     layout_long_grid, lair_entry_dummy, serial_shops, shop_statue,
          hangedman_pestilent_swarm
D:12:     layout_basic
D:13:     layout_basic, serial_rivers, chequers_serial_rivers_large_a,
          chequers_serial_rivers_micro_b, chequers_serial_rivers_micro_c,
          chequers_serial_rivers_micro_d, chequers_serial_rivers_small_a,
          minmay_lizard_king
D:14:     layout_gridville, grunt_vaults_entry_tiered, fedhas_altar_3,
          small_statue_alley_a, uniq_louise
Lair:1:   layout_cave_pods, serial_bayou_pond_d
Lair:2:   layout_long_grid, minmay_snake_entry_guardpost_small,
          minmay_lair_oklob_bushes, uniq_sonja, uniq_gastronok, uniq_nergalle,
          uniq_erica
Lair:3:   layout_misc_corridors, lemuel_fruit_tree, lemuel_fruit_fields,
          uniq_urug
Lair:4:   layout_roguey, minmay_shoals_entry_hut, grunt_megastairs_2,
          uniq_nessos
Lair:5:   layout_gridlike, minivault_24, nicolae_lair_grove_arrangements

Skill      XL: |  1  2  3  4  5  6  7  8  9 10 11 12 13 |
---------------+----------------------------------------+-----
Conjurations   | 1 2 3 4 |  4.4
Dodging        | 1 2 3 4 |  4.9
Ice Magic      | 1 2 3 5 6 |  6.9
Poison Magic   | 1 2 3 4 5 6 |  6.0
Translocations | 1 2 3 |  3.7
Charms         | 1 2 4 5 |  5.1
Short Blades   | 1 2 4 5 6 7 |  7.3
Air Magic      | 2 3 4 5 |  5.3
Spellcasting   | 6 7 8 9 10 | 10.3
Fighting       | 1 2 3 4 5 |  5.4
Fire Magic     | 2 3 4 5 |  5.8
Polearms       | 1 2 3 |  3.3
Armour         | 3 4 5 |  5.2
Long Blades    | 2 5 7 |  7.4
Earth Magic    | 3 5 |  5.7
Shields        | |  1.0
Hexes          | |  1.0
Summonings     | |  1.0
Evocations     | |  1.0

Action                   |  1- 3 |  4- 6 |  7- 9 | 10-12 | 13-15 || total
-------------------------+-------+-------+-------+-------+-------++-------
Melee: Club              |    35 |       |       |       |       ||    35
       Dagger            |    42 |       |       |       |       ||    42
       Short sword       |    22 |   218 |   154 |       |       ||   394
       Kick              |       |    61 |    63 |   127 |   115 ||   366
       Spear             |       |    45 |       |       |       ||    45
       Trident           |       |     4 |    14 |   148 |   154 ||   320
       Rapier            |       |       |   126 |   313 |   196 ||   635
       Scimitar          |       |       |       |   131 |   163 ||   294
       Falchion          |       |       |       |       |     3 ||     3
Throw: Dart              |       |    24 |    92 |   151 |    41 ||   308
       Boomerang         |       |     1 |     5 |    11 |    11 ||    28
 Cast: Magic Dart        |    72 |    56 |    54 |    45 |    11 ||   238
       Ozocubu's Armour  |     5 |    21 |    30 |    42 |    24 ||   122
       Blink             |     1 |     9 |     6 |    14 |     5 ||    35
       Mephitic Cloud    |       |     7 |    25 |    50 |    22 ||   104
       Conjure Flame     |       |     4 |     4 |    46 |    26 ||    80
  Use: Scroll            |       |     5 |     9 |    14 |     7 ||    35
       Potion            |       |     1 |     3 |     1 |     1 ||     6
 Stab: Sleeping          |       |     1 |       |       |       ||     1
       Confused          |       |     1 |    12 |    20 |    15 ||    48
  Eat: Chunk             |     4 |    10 |    16 |    20 |     6 ||    56
       Ration            |       |     2 |       |       |     3 ||     5
Armor: Robe              |    58 |   116 |   110 |       |       ||   284
       Steam dragon scal |       |       |    19 |    38 |       ||    57
       Troll leather arm |       |       |       |   148 |   138 ||   286
Dodge: Dodged            |    95 |   159 |   176 |   272 |   216 ||   918
       Deflected         |       |       |       |     6 |    16 ||    22
Block: Other             |       |       |       |    76 |   104 ||   180
       Rpst.: Scimitar   |       |       |       |    19 |    32 ||    51
